 Dungeon Crawl Stone Soup version 0.26-a0-835-g8259106e14 (webtiles) character file.

Game seed: 14968288187786323090

13083 Kinoniko the Swashbuckler (level 12, -2/70 HPs)
             Began as a Kobold Gladiator on Nov 17, 2020.
             Was a Believer of Uskayaw.
             Killed by divine providence
             ... invoked by a meliai
              (14 damage)
             ... in a Gauntlet.
             The game lasted 00:18:19 (14618 turns).

Kinoniko the Swashbuckler (Kobold Gladiator)       Turns: 14618, Time: 00:18:19

Health: -2/70      AC: 13    Str: 15      XL:     12   Next: 28%
Magic:  19/19      EV: 14    Int: 10 (11) God:    Uskayaw [**....]
Gold:   407        SH:  0    Dex: 16      Spells: 11/11 levels left

rFire    + . .     SeeInvis .   a - +5 rapier
rCold    + . .     Faith    .   (shield restricted)
rNeg     . . .     Spirit   .   n - +0 scale mail
rPois    +         Reflect  .   c - +2 helmet
rElec    +         Harm     .   (no cloak)
rCorr    +         Rampage  .   C - +1 pair of gloves
MR       +....     NoTele   +   k - +0 pair of boots {run}
Stlth    ++........             (no amulet)
HPRegen  0.21/turn              g - ring of protection from magic
MPRegen  0.16/turn              (no ring)

@: confused, resistant, quick
A: small, hooves 1, nightstalker 3, shaggy fur 1, subdued magic 1
a: Stomp, Line Pass, Renounce Religion


You were in a Gauntlet.
You worshipped Uskayaw.
Uskayaw was aware of your devotion.
You visited 3 branches of the dungeon, and saw 13 of its levels.
You also visited: Gauntlet.

You collected 605 gold pieces.
You spent 198 gold pieces at shops.

Inventory:

Hand Weapons
 a - a +5 rapier (weapon)
Missiles
 d - 7 throwing nets (quivered)
Armour
 c - a +2 helmet (worn)
 k - a +0 pair of boots of running (worn)
 n - a +0 scale mail (worn)
 C - a +1 pair of gloves (worn)
Jewellery
 g - a ring of protection from magic (left hand)
 p - an uncursed ring of ice
 x - an uncursed ring of wizardry
 z - a cursed -4 ring of evasion {unknown}
 D - a cursed ring of teleportation {unknown}
Wands
 b - a wand of paralysis (24)
 e - a wand of iceblast (11)
 m - a wand of polymorph (8)
 o - a wand of acid (23)
 w - a wand of flame (16)
 y - a wand of enslavement (10)
 B - a wand of disintegration (4)
Scrolls
 f - 3 scrolls of silence
 h - 2 scrolls of magic mapping
 i - 5 scrolls of remove curse
 j - 2 scrolls of fog
 l - 9 scrolls of teleportation
Potions
 q - 2 potions of mutation
 t - 4 potions of flight
 u - 3 potions of attraction
 A - 3 potions of curing
 G - a potion of brilliance


   Skills:
 * Level 6.0 Fighting
 * Level 15.8 Short Blades
 - Level 2.1 Throwing
 + Level 1.0 Armour
 + Level 4.2 Dodging
 + Level 12.3 Stealth
 * Level 10.3 Invocations


You had 11 spell levels left.
You didn't know any spells.
Your spell library contained the following spells:

 Spells                   Type           Power        Failure   Level
 Animate Skeleton         Necr           #.....       80%         1
 Corona                   Hex            #......      80%         1
 Pain                     Necr           #...         80%         1
 Shock                    Conj/Air       #...         80%         1
 Ensorcelled Hibernation  Hex/Ice        #.....       91%         2
 Swiftness                Air            #.......     91%         2
 Confusing Touch          Hex            #.......     99%         3
 Dazzling Flash           Conj/Hex       #.....       99%         3
 Static Discharge         Conj/Air       #.......     99%         3
 Tukima's Dance           Hex            #.......     99%         3
 Vampiric Draining        Necr           #.........   99%         3
 Airstrike                Air            #.........   100%        4
 Animate Dead             Necr           #.........   100%        4
 Agony                    Necr           #.......     100%        5
 Lightning Bolt           Conj/Air       #.........   100%        5


Dungeon Overview and Level Annotations

Branches:
Dungeon (10/15)            Temple (1/1) D:5            Lair (2/6) D:9
  Snake (0/4) Lair:2          Orc (0/2) D:9         Gauntlet (1/1)
  Swamp: Lair:2-4    Shoals: Lair:2-4

Altars:
Ashenzari
Cheibriados
Dithmenos
Elyvilon
Fedhas
Gozag
Hepliaklqana
Kikubaaqudgha
Makhleb
Nemelex Xobeh
Okawaru
Qazlal
Ru
Sif Muna
Trog
Uskayaw
Vehumet
Wu Jian
Xom
Yredelemnul
Zin
The Shining One
Beogh

Shops:
D:7 !   D:9 (}}[!

Annotations:
D:7 2 transporters
Lair:1 3 runed translucent doors Gauntlet 7 transporters, exclusion: oklob plant


Innate Abilities, Weirdness & Mutations

You are small and have problems with some larger weapons.
You are completely attuned to the shadows.
You have large cloven feet.
You are covered in fur. (AC +1)
Your spells are a little easier to cast, but a little less powerful.


Message History

The meliai calls upon its god to heal the meliai.
The meliai's wounds heal themselves!
Unknown command.
You hit the meliai.
The meliai is moderately wounded.
The meliai hits you but does no damage.
The meliai stings you but does no damage.
You can now pass through a line of other dancers.
You puncture the meliai!
The meliai is severely wounded.
The meliai hits you with a +0 war axe.
* * * LOW HITPOINT WARNING * * *
The meliai stings you.
* * * LOW HITPOINT WARNING * * *
The meliai closely misses you. x2; The meliai hits you with a +0 war axe!
* * * LOW HITPOINT WARNING * * *
The meliai barely misses you.
The meliai mumbles some strange prayers to its god against you.
Something smites you!
You die...

..........................###
##########...###########..#8#
.........#.8.#..###..#.#..###
.##^.^##.#...###.##....#..#
.#.#.#.#.#####.#....##.#..####
..##.##..#...#..## ##.#..#≈8≈
..#.©.#.§#©.©##..##.#.©#..#...
..##.##..#...###.yyy##y#..#.8.
.#.#.#.#.#####..@##.##.#..#...
.##^..##.#...###.##....#..#.8.
.........#...###....##y#..#...
##########...###########..#...
...........≈.............≈#.©.
..........≈8≈............∩#...
...........≈.............≈#.©.
##########...###########..#...
#z......##...#3........#..#...


You could see 3 meliai.

Vanquished Creatures
  Harold (D:9)
  A hydra (Lair:2)
  An ogre mage (D:10)
  A cyclops (D:10)
  4 komodo dragons
  An ice devil (Gauntlet)
  Prince Ribbit (D:6)
  A slime creature (D:8)
  Grinder (D:3)
  Sigmund (D:5)
  A wyvern (D:8)
  14 yaks
  2 basilisks (Lair:1)
  A chaos spawn (Gauntlet)
  A neqoxec (Gauntlet)
  Edmund (D:6)
  Menkaure (D:5)
  A soldier ant (D:10)
  8 water moccasins
  2 phantoms (D:8)
  4 ice beasts
  6 orc warriors
  2 sky beasts
  2 black bears (D:7)
  5 ogres
  3 wolves (Lair:1)
  4 centaurs
  A big kobold (D:7)
  8 bullfrogs
  5 wights (D:4)
  A howler monkey (D:8)
  A lava snake (D:7)
  2 bullfrog zombies
  A centaur zombie (D:6)
  2 hounds
  10 orc wizards
  2 bullfrog skeletons
  3 centaur skeletons
  8 orc priests
  A jelly (D:6)
  An iguana (D:9)
  Terence (D:3)
  9 worker ants
  3 hound skeletons
  A worker ant zombie (D:6)
  3 gnolls (D:7)
  A howler monkey skeleton (D:6)
  14 adders
  2 white imps (Gauntlet)
  2 ufetubi
  2 oozes
  An adder skeleton (D:4)
  5 worms
  A dart slug (D:1)
  5 leopard geckos
  46 orcs
  6 bats
  6 giant cockroaches
  7 goblins
  8 hobgoblins
  9 jackals
  4 quokkas
  2 ball pythons
  4 frilled lizards
  A giant cockroach zombie (D:6)
  A jackal zombie (D:5)
  11 kobolds
  A leopard gecko skeleton (D:4)
  A quokka skeleton (D:5)
  15 rats
289 creatures vanquished.

Vanquished Creatures (others)
  3 fungi (Lair:1)
  8 plants
11 creatures vanquished.

Grand Total: 300 creatures vanquished

Notes
Turn   | Place    | Note
-------+----------+-------------------------------------------
     0 | D:1      | Kinoniko the Kobold Gladiator began the quest for the Orb.
     0 | D:1      | Reached XP level 1. HP: 12/12 MP: 1/1
    71 | D:1      | Reached skill level 1 in Stealth
    77 | D:1      | Reached XP level 2. HP: 12/17 MP: 2/2
   485 | D:1      | Reached XP level 3. HP: 21/21 MP: 3/3
   522 | D:1      | Reached skill level 5 in Short Blades
  1427 | D:2      | Reached XP level 4. HP: 25/26 MP: 4/4
  1585 | D:2      | Found a glowing silver altar of Zin.
  1689 | D:2      | Reached skill level 6 in Short Blades
  1964 | D:2      | Found a shadowy altar of Dithmenos.
  1964 | D:2      | Found a sparkling altar of Nemelex Xobeh.
  1964 | D:2      | Found a stormy altar of Qazlal.
  1982 | D:2      | Found a glowing silver altar of Zin.
  1982 | D:2      | Found a shimmering altar of Xom.
  1982 | D:2      | Found a hazy altar of Hepliaklqana.
  2128 | D:2      | Reached XP level 5. HP: 30/30 MP: 5/5
  2986 | D:3      | Noticed Grinder
  2994 | D:3      | Gained mutation: Your body sometimes deteriorates upon
                  | taking damage. [potion of mutation]
  2994 | D:3      | Gained mutation: Your skin changes colour to match your
                  | surroundings (Stealth+). [potion of mutation]
  2994 | D:3      | Gained mutation: Your flesh is cold resistant. (rC+)
                  | [potion of mutation]
  2995 | D:3      | Paralysed by Grinder for 5 turns
  3015 | D:3      | Killed Grinder
  3016 | D:3      | Reached skill level 8 in Short Blades
  3016 | D:3      | Reached skill level 5 in Stealth
  3016 | D:3      | Reached XP level 6. HP: 5/35 MP: 6/6
  3428 | D:3      | Noticed Terence
  3430 | D:3      | Killed Terence
  3431 | D:3      | Reached XP level 7. HP: 40/40 MP: 7/7
  4753 | D:4      | Reached skill level 9 in Short Blades
  5151 | D:4      | Found a burning altar of Makhleb.
  5173 | D:4      | Reached XP level 8. HP: 40/44 MP: 8/8
  5184 | D:4      | Reached skill level 10 in Short Blades
  5381 | D:4      | Found a blossoming altar of Fedhas.
  5618 | D:5      | Entered Level 5 of the Dungeon
  5673 | D:5      | Noticed Sigmund
  5676 | D:5      | Killed Sigmund
  5800 | D:5      | Noticed Menkaure
  5804 | D:5      | Killed Menkaure
  5805 | D:5      | Reached skill level 11 in Short Blades
  5834 | D:5      | Found a staircase to the Ecumenical Temple.
  5853 | Temple   | Entered the Ecumenical Temple
  6095 | Temple   | Became a worshipper of Uskayaw the Reveller
  6239 | D:5      | Reached * piety under Uskayaw
  6746 | D:5      | Reached skill level 1 in Invocations
  6874 | D:5      | Reached ** piety under Uskayaw
  6879 | D:5      | Reached XP level 9. HP: 48/48 MP: 8/10
  7220 | D:6      | Noticed Prince Ribbit
  7239 | D:6      | Reached *** piety under Uskayaw
  7241 | D:6      | Reached skill level 12 in Short Blades
  7242 | D:6      | Killed Prince Ribbit
  7242 | D:6      | Reached **** piety under Uskayaw
  7500 | D:6      | Noticed Edmund
  7504 | D:6      | Killed Edmund
  8080 | D:7      | Reached skill level 5 in Invocations
  8259 | D:7      | Found a glowing golden altar of the Shining One.
  8282 | D:7      | Found Fiahaimn's Distillery.
  8389 | D:7      | Noticed a moth of wrath
  8391 | D:7      | Identified the cursed +3 broad axe "Erhurias" {flame,
                  | rPois}
  8391 | D:7      | Noticed a tengu warrior
  8409 | D:7      | Found a transporter.
  8410 | D:7      | Found a transporter.
  8425 | D:7      | Reached XP level 10. HP: 53/53 MP: 12/14
  8727 | D:7      | Reached skill level 13 in Short Blades
  9199 | D:8      | Reached skill level 10 in Stealth
 10281 | D:8      | Found a white marble altar of Elyvilon.
 10281 | D:8      | Found a radiant altar of Vehumet.
 10671 | D:9      | Lost mutation: Your body sometimes deteriorates upon taking
                  | damage. [potion of mutation]
 10671 | D:9      | Lost mutation: Your skin changes colour to match your
                  | surroundings (Stealth+). [potion of mutation]
 10671 | D:9      | Lost mutation: Your flesh is cold resistant. (rC+) [potion
                  | of mutation]
 10671 | D:9      | Gained mutation: You have large cloven feet. [potion of
                  | mutation]
 10671 | D:9      | Gained mutation: You are covered in fur. (AC +1) [potion of
                  | mutation]
 10680 | D:9      | Noticed Harold
 10684 | D:9      | Killed Harold
 10685 | D:9      | Reached skill level 14 in Short Blades
 10700 | D:9      | Found Pyqeor's Gadget Emporium.
 10870 | D:9      | Reached XP level 11. HP: 57/57 MP: 17/17
 10969 | D:9      | Found Bovokkemo's Antique Weapon Shop.
 11061 | D:9      | Found Vereowum's Gadget Boutique.
 11093 | D:9      | Found a roughly hewn altar of Beogh.
 11101 | D:9      | Reached ***** piety under Uskayaw
 11103 | D:9      | Found a staircase to the Orcish Mines.
 11274 | D:9      | Found Sibralu's Distillery.
 11277 | D:9      | Bought a potion of heal wounds for 55 gold pieces
 11277 | D:9      | Bought a potion of might for 44 gold pieces
 11277 | D:9      | Bought a potion of curing for 33 gold pieces
 11277 | D:9      | Bought 2 potions of curing for 66 gold pieces
 11361 | D:9      | Found Exkehuce's Armour Boutique.
 11500 | D:9      | Found a staircase to the Lair.
 11799 | D:10     | Entered Level 10 of the Dungeon
 11834 | D:10     | Noticed an ogre mage
 11836 | D:10     | Noticed a cyclops
 11861 | D:10     | Killed a cyclops
 11866 | D:10     | Reached ****** piety under Uskayaw
 11868 | D:10     | Killed an ogre mage
 11869 | D:10     | Reached skill level 15 in Short Blades
 11936 | D:10     | Noticed an ogre mage
 11936 | D:10     | Noticed a deep troll earth mage
 12125 | Lair:1   | Entered Level 1 of the Lair of Beasts
 12774 | Lair:1   | Found a runed translucent gate.
 12779 | Lair:1   | Found a runed translucent gate.
 12871 | Lair:1   | Found a runed translucent gate.
 12973 | Lair:1   | Reached skill level 5 in Fighting
 13002 | Lair:1   | Reached skill level 10 in Invocations
 13002 | Lair:1   | Reached XP level 12. HP: 42/68 MP: 19/19
 13747 | Lair:2   | Noticed an eight-headed hydra
 13757 | Lair:2   | Killed an eight-headed hydra
 13762 | Lair:2   | Found a gate leading to a gauntlet.
 13768 | Gauntlet | Entered a Gauntlet
 13828 | Gauntlet | Noticed a sixfirhy
 13830 | Gauntlet | Noticed a sixfirhy
 13837 | Gauntlet | Noticed a sixfirhy
 13840 | Gauntlet | Found a transporter.
 13891 | Gauntlet | Found a transporter.
 13905 | Gauntlet | Found a transporter.
 13955 | Gauntlet | Found a transporter.
 13977 | Gauntlet | Found a transporter.
 13977 | Gauntlet | Found a transporter.
 13992 | Gauntlet | Found a transporter.
 13992 | Gauntlet | Found a transporter.
 14144 | Gauntlet | Found a transporter.
 14144 | Gauntlet | Found a transporter.
 14178 | Gauntlet | Reached skill level 1 in Armour
 14200 | Gauntlet | Identified a +0 pair of boots of running (You found it in a
                  | Gauntlet)
 14290 | Gauntlet | Found a transporter.
 14300 | Gauntlet | Gained mutation: Your spells are a little easier to cast,
                  | but a little less powerful. [a neqoxec]
 14593 | Gauntlet | Found a transporter.
 14618 | Gauntlet | Killed from afar by a meliai

Illustrated notes

Levels and vault maps discovered:
D:1:      minmay_arrival_five_plusses, layout_rooms, minmay_pentomino_u2
D:2:      layout_loops_ring, lemuel_round_altar, doesnt_xom_only_xom,
          minmay_tall_x
D:3:      layout_loops_corners, uniq_terence, uniq_grinder
D:4:      layout_rooms, fedhas_bush_and_centaur_altar, kennysheep_mini_moat
D:5:      layout_gridville, minmay_temple_entry_slanted, uniq_menkaure,
          uniq_sigmund
D:6:      layout_loops_cross, grunt_decor_one_mirror, uniq_edmund,
          uniq_prince_ribbit1
D:7:      layout_loops_ring, serial_shops, shop_fountains,
          gammafunk_ghost_wrathful_warriors, basic_altar, minmay_hedge_maze,
          kennysheep_small_spiral
D:8:      minmay_clustersquares, layout_layer_cave, grunt_temple_overflow_open
D:9:      layout_loops_ring, david_lair_shrubbed, david_orc_5, serial_shops,
          shop, nicolae_shop_temple_entry_statues_fountains,
          nicolae_shop_statue_plus, nicolae_shop_behind_doors, shop, uniq_harold
D:10:     minmay_shrinking_squares, layout_loops_ring,
          nicolae_trove_entry_diagonal, uniq_gastronok, uniq_nergalle
Temple:   nicolae_temple_elliptical
Lair:1:   layout_loops_ring, gammafunk_ghost_split, beast_lair_carwin_2,
          infiniplex_staircase_pool_2
Lair:2:   layout_regular_city, minmay_snake_entry_spellcaster,
          gauntlet_entry_generic, lemuel_fruit_fields
Gauntlet: gammafunk_gauntlet_hard_choice [gammafunk_gauntlet_arena_open,
          gammafunk_gauntlet_arena_chambers, nicolae_gauntlet_arena_x,
          gammafunk_gauntlet_arena_corners, nicolae_gauntlet_arena_t_cross,
          gammafunk_gauntlet_arena_crates, gauntlet_exit_green]

Skill      XL: |  1  2  3  4  5  6  7  8  9 10 11 12 |
---------------+-------------------------------------+-----
Stealth        | 1 2 3 5 6 8 9 11 12 | 12.3
Short Blades   | 5 6 8 9 11 12 14 15 | 15.8
Invocations    | 1 5 8 10 | 10.3
Fighting       | 5 6 |  6.0
Dodging        | 4 |  4.2
Armour         | 1 |  1.0
Throwing       | |  2.1

Action                   |  1- 3 |  4- 6 |  7- 9 | 10-12 || total
-------------------------+-------+-------+-------+-------++-------
Melee: Rapier            |   120 |   104 |   307 |   358 ||   889
       Kick              |       |       |       |    45 ||    45
  Use: Potion            |       |     7 |     2 |    14 ||    23
       Scroll            |       |    14 |     7 |    14 ||    35
 Stab: Sleeping          |     6 |    15 |    30 |    32 ||    83
       Paralysed         |       |       |     3 |    28 ||    31
       Distracted        |       |       |     2 |     4 ||     6
Armor: Leather armour    |    17 |     8 |       |       ||    25
       Ring mail         |       |     8 |       |       ||     8
       Skin              |       |     3 |       |       ||     3
       Scale mail        |       |       |    63 |    66 ||   129
Dodge: Dodged            |    76 |    69 |   131 |   138 ||   414

Table legend: (Time is in decaauts)
 A = Elapsed time spent in this place.
 B = Non-inter-level travel time spent in this place.
 C = Inter-level travel time spent in this place.
 D = Time resting spent in this place.
 E = Time spent auto-exploring this place.
 F = Levels seen in this place.
 G = Mean time per level.
                   A        B        C        D        E       F      G
               +--------+--------+--------+--------+--------+-----+--------+
         Total |  14371 |  13743 |    628 |   2933 |   8866 |  14 | 1026.5 |
       Dungeon |  11673 |  11100 |    573 |   2020 |   7587 |  10 | 1167.3 |
        Temple |    264 |    242 |     22 |      0 |    221 |   1 |  264.0 |
          Lair |   1604 |   1572 |     32 |    531 |    867 |   2 |  802.0 |
      Gauntlet |    828 |    828 |      0 |    381 |    191 |   1 |  828.0 |
               +--------+--------+--------+--------+--------+-----+--------+

Top non-repeatable levels by time:
     D:3: 2111 daAuts
  Lair:1: 1574 daAuts
     D:8: 1464 daAuts
     D:9: 1292 daAuts
     D:1: 1282 daAuts
     D:2: 1173 daAuts
     D:5: 1084 daAuts
     D:7: 1073 daAuts
     D:6: 1042 daAuts
     D:4: 1014 daAuts
Gauntlet: 828 daAuts
  Temple: 264 daAuts
    D:10: 134 daAuts
  Lair:2: 29 daAuts
